[ AOE2 MATCH · #513788708 ]
UnrankedItalians vs Huns
Player's team · LOSS
Rival team · WIN
[ REPLAY ANALYSIS · EXTRACTED FROM THE RECORDED GAME ]
Feudal
14:52
Castle
21:24
Imperial
39:45
| APM avg | 39.4 |
| APM peak | 76 |
| eAPM avg | 16.4 |
| Villagers / military | 67 / 96 |
Focus
⚔️ 44.1% · 🌾 55.9%
Genoese Crossbowman ×61 · Unknown (882) ×45 · Militia ×11 · Monk ×8 · Fishing Ship ×7 · Bombard Cannon ×7
Feudal
12:39
Castle
20:26
Imperial
42:07
| APM avg | 38.5 |
| APM peak | 73 |
| eAPM avg | 19.6 |
| Villagers / military | 192 / 256 |
Focus
⚔️ 38.9% · 🌾 61.1%
Knight ×123 · Skirmisher ×48 · Scout Cavalry ×35 · Battering Ram ×25 · Unknown (1795) ×25 · Fishing Ship ×23
Match map
Initial resources + every placement click. Lines = walls · curves = elevation contours. ◆ gold · ⬟ stone · ● berries · ✦ relic · ◌ wall gap
Your base· Open — unwalled flank
CALF-PICO's base· Open — 5t gap
Smoothed initial terrain · ◌ = detected wall gap · hover for details
Inputs per minute
— JKolerts - - CALF-PICO
Build order — JKolerts
First 150 of 297 actions detected
| 0:32 | Build | Town Center |
| 0:52 | Build | House |
| 1:01 | Build | House |
| 1:05 | Build | House |
| 2:22 | Queue | Villager (Male) |
| 2:22 | Queue | Villager (Male) |
| 2:22 | Queue | Villager (Male) |
| 2:23 | Queue | Villager (Male) |
| 2:23 | Queue | Villager (Male) |
| 2:48 | Build | Palisade Wall |
| 3:23 | Build | Dock |
| 3:33 | Build | Palisade Wall |
| 3:59 | Research | Loom |
| 4:52 | Queue | Fishing Ship |
| 4:52 | Queue | Fishing Ship |
| 5:17 | Queue | Villager (Male) |
| 5:24 | Build | Palisade Wall |
| 5:44 | Queue | Fishing Ship |
| 6:04 | Build | House |
| 6:16 | Queue | Villager (Male) |
| 6:24 | Build | Palisade Wall |
| 6:41 | Build | Palisade Wall |
| 6:56 | Queue | Fishing Ship |
| 6:56 | Queue | Fishing Ship |
| 7:07 | Queue | Villager (Male) |
| 7:07 | Queue | Villager (Male) |
| 7:43 | Build | House |
| 7:48 | Queue | Villager (Male) |
| 7:48 | Queue | Villager (Male) |
| 8:29 | Build | Palisade Wall |
| 8:40 | Queue | Fishing Ship |
| 8:50 | Queue | Villager (Male) |
| 8:50 | Queue | Villager (Male) |
| 8:50 | Queue | Villager (Male) |
| 8:50 | Queue | Villager (Male) |
| 9:07 | Queue | Villager (Male) |
| 9:07 | Queue | Villager (Male) |
| 9:33 | Build | House |
| 9:43 | Queue | Villager (Male) |
| 10:10 | Build | Palisade Wall |
| 10:17 | Build | Palisade Wall |
| 10:31 | Queue | Villager (Male) |
| 10:34 | Queue | Villager (Male) |
| 10:43 | Queue | Villager (Male) |
| 10:51 | Queue | Fishing Ship |
| 11:03 | Queue | Villager (Male) |
| 11:04 | Queue | Villager (Male) |
| 11:15 | Build | Lumber Camp |
| 11:42 | Build | House |
| 11:52 | Build | Mill |
| 12:01 | Build | Palisade Wall |
| 12:04 | Build | Palisade Wall |
| 12:06 | Build | Palisade Wall |
| 12:13 | Queue | Villager (Male) |
| 12:45 | Research | Feudal Age |
| 12:45 | Research | Feudal Age |
| 13:58 | Build | Lumber Camp |
| 14:03 | Build | Palisade Wall |
| 14:47 | Build | Palisade Wall |
| 14:52 | Age | Feudal Age |
| 15:14 | Research | Town Watch |
| 15:51 | Queue | Villager (Male) |
| 15:52 | Queue | Villager (Male) |
| 15:52 | Queue | Villager (Male) |
| 16:04 | Build | Market |
| 16:43 | Build | Lumber Camp |
| 17:21 | Queue | Villager (Male) |
| 17:21 | Queue | Villager (Male) |
| 17:28 | Build | Blacksmith |
| 17:51 | Build | House |
| 17:54 | Build | House |
| 18:14 | Queue | Villager (Male) |
| 18:15 | Queue | Villager (Male) |
| 18:15 | Queue | Villager (Male) |
| 18:27 | Queue | Villager (Male) |
| 18:44 | Research | Castle Age |
| 18:45 | Research | Castle Age |
| 19:20 | Build | House |
| 19:24 | Research | Double-Bit Axe |
| 19:51 | Build | Mining Camp |
| 20:22 | Queue | Villager (Male) |
| 20:27 | Research | Fletching |
| 21:19 | Build | Blacksmith |
| 21:24 | Age | Castle Age |
| 22:03 | Build | Castle |
| 22:14 | Queue | Villager (Male) |
| 22:14 | Queue | Villager (Male) |
| 22:56 | Queue | Villager (Male) |
| 22:56 | Queue | Villager (Male) |
| 23:05 | Queue | Genoese Crossbowman |
| 23:05 | Queue | Genoese Crossbowman |
| 23:05 | Queue | Genoese Crossbowman |
| 23:23 | Build | Mining Camp |
| 23:28 | Build | Lumber Camp |
| 24:07 | Queue | Villager (Male) |
| 24:07 | Queue | Villager (Male) |
| 24:07 | Queue | Villager (Male) |
| 24:08 | Queue | Villager (Male) |
| 24:27 | Build | Mill |
| 24:58 | Queue | Genoese Crossbowman |
| 24:58 | Queue | Genoese Crossbowman |
| 24:58 | Queue | Genoese Crossbowman |
| 25:50 | Queue | Genoese Crossbowman ×2 |
| 25:50 | Queue | Genoese Crossbowman ×2 |
| 26:06 | Build | House |
| 26:17 | Build | Mill |
| 26:33 | Queue | Genoese Crossbowman |
| 26:33 | Queue | Genoese Crossbowman |
| 28:06 | Build | Town Center |
| 28:10 | Queue | Genoese Crossbowman |
| 28:11 | Queue | Genoese Crossbowman |
| 28:11 | Queue | Genoese Crossbowman |
| 28:14 | Research | Bodkin Arrow |
| 28:14 | Research | Bodkin Arrow |
| 28:34 | Build | Outpost |
| 29:25 | Queue | Villager (Male) |
| 29:25 | Queue | Villager (Male) |
| 29:25 | Queue | Villager (Male) |
| 29:26 | Queue | Villager (Male) |
| 29:29 | Queue | Villager (Male) |
| 29:29 | Queue | Villager (Male) |
| 29:39 | Build | Siege Workshop |
| 29:46 | Build | Siege Workshop |
| 30:05 | Research | Gold Mining |
| 30:05 | Research | Gold Mining |
| 30:05 | Research | Gold Mining |
| 30:10 | Queue | Genoese Crossbowman ×5 |
| 30:47 | Build | University |
| 31:09 | Build | House |
| 31:10 | Build | House |
| 31:10 | Build | House |
| 31:10 | Build | House |
| 31:27 | Queue | Mangonel |
| 31:39 | Build | House |
| 32:02 | Research | Ballistics |
| 32:02 | Research | Ballistics |
| 32:09 | Queue | Villager (Male) |
| 32:11 | Build | House |
| 32:32 | Build | Outpost |
| 32:56 | Queue | Mangonel |
| 34:04 | Queue | Mangonel |
| 34:21 | Build | House |
| 34:29 | Build | Lumber Camp |
| 36:35 | Research | Imperial Age |
| 36:36 | Research | Imperial Age |
| 37:27 | Build | Mill |
| 37:30 | Build | Mill |
| 38:14 | Queue | Genoese Crossbowman |
| 38:14 | Queue | Genoese Crossbowman |
| 38:14 | Queue | Genoese Crossbowman |
Build order — CALF-PICO
First 150 of 601 actions detected
| 0:29 | Build | Town Center |
| 1:26 | Build | Palisade Wall |
| 2:30 | Queue | Villager (Male) |
| 2:30 | Queue | Villager (Male) |
| 2:31 | Queue | Villager (Male) |
| 2:31 | Queue | Villager (Male) |
| 2:31 | Queue | Villager (Male) |
| 3:56 | Queue | Villager (Male) |
| 3:56 | Queue | Villager (Male) |
| 3:56 | Queue | Villager (Male) |
| 3:57 | Queue | Villager (Male) |
| 4:23 | Queue | Villager (Male) |
| 4:23 | Queue | Villager (Male) |
| 4:23 | Queue | Villager (Male) |
| 4:23 | Queue | Villager (Male) |
| 5:02 | Queue | Villager (Male) |
| 5:02 | Queue | Villager (Male) |
| 5:02 | Queue | Villager (Male) |
| 5:02 | Queue | Villager (Male) |
| 5:29 | Queue | Villager (Male) |
| 5:29 | Queue | Villager (Male) |
| 5:29 | Queue | Villager (Male) |
| 5:37 | Build | Dock |
| 5:57 | Queue | Villager (Male) |
| 5:58 | Queue | Villager (Male) |
| 5:58 | Queue | Villager (Male) |
| 6:26 | Queue | Villager (Male) |
| 6:26 | Queue | Villager (Male) |
| 6:27 | Queue | Villager (Male) |
| 6:27 | Queue | Villager (Male) |
| 6:29 | Queue | Fishing Ship |
| 6:31 | Queue | Fishing Ship |
| 6:52 | Queue | Villager (Male) |
| 6:53 | Queue | Villager (Male) |
| 6:53 | Queue | Villager (Male) |
| 6:53 | Queue | Villager (Male) |
| 6:56 | Queue | Fishing Ship |
| 7:24 | Queue | Villager (Male) |
| 7:24 | Queue | Villager (Male) |
| 7:25 | Queue | Villager (Male) |
| 7:30 | Queue | Fishing Ship |
| 7:50 | Queue | Villager (Male) |
| 7:50 | Queue | Villager (Male) |
| 7:51 | Queue | Villager (Male) |
| 7:57 | Build | Mill |
| 8:09 | Queue | Fishing Ship |
| 8:09 | Queue | Fishing Ship |
| 8:09 | Queue | Fishing Ship |
| 8:09 | Queue | Fishing Ship |
| 8:37 | Queue | Villager (Male) |
| 8:38 | Queue | Villager (Male) |
| 8:56 | Queue | Fishing Ship |
| 9:00 | Queue | Villager (Male) |
| 9:37 | Queue | Fishing Ship |
| 9:51 | Research | Loom |
| 10:29 | Research | Feudal Age |
| 10:29 | Research | Feudal Age |
| 10:29 | Research | Feudal Age |
| 11:16 | Build | Mining Camp |
| 12:37 | Queue | Villager (Male) |
| 12:37 | Queue | Villager (Male) |
| 12:39 | Age | Feudal Age |
| 12:47 | Build | Watch Tower |
| 12:57 | Build | Watch Tower |
| 13:25 | Queue | Villager (Male) |
| 13:40 | Build | Blacksmith |
| 13:55 | Queue | Villager (Male) |
| 13:55 | Queue | Villager (Male) |
| 14:05 | Queue | Villager (Male) |
| 14:23 | Build | Watch Tower |
| 14:34 | Build | Outpost |
| 15:15 | Queue | Villager (Male) |
| 15:46 | Queue | Villager (Male) |
| 15:52 | Build | Market |
| 16:06 | Build | Watch Tower |
| 16:24 | Build | Palisade Wall |
| 16:25 | Build | Palisade Wall |
| 16:27 | Build | Palisade Wall |
| 16:56 | Queue | Villager (Male) |
| 16:57 | Queue | Villager (Male) |
| 17:14 | Research | Castle Age |
| 17:14 | Research | Castle Age |
| 17:15 | Research | Castle Age |
| 17:15 | Research | Castle Age |
| 17:26 | Build | Palisade Wall |
| 17:33 | Build | Watch Tower |
| 19:31 | Research | Fletching |
| 19:35 | Build | Mining Camp |
| 20:06 | Research | Gold Mining |
| 20:08 | Research | Stone Mining |
| 20:26 | Age | Castle Age |
| 20:34 | Build | Castle |
| 20:51 | Queue | Villager (Male) |
| 20:52 | Queue | Villager (Male) |
| 21:16 | Build | Mining Camp |
| 21:31 | Build | Siege Workshop |
| 21:51 | Queue | Villager (Male) |
| 21:51 | Queue | Villager (Male) |
| 22:14 | Build | Lumber Camp |
| 22:22 | Queue | Mangonel |
| 23:01 | Build | Town Center |
| 23:10 | Build | Palisade Wall |
| 23:12 | Build | Palisade Wall |
| 23:32 | Queue | Tarkan |
| 24:07 | Queue | Tarkan |
| 24:30 | Queue | Villager (Male) |
| 24:31 | Queue | Fishing Ship |
| 24:31 | Queue | Fishing Ship |
| 24:34 | Queue | Villager (Male) |
| 24:34 | Queue | Villager (Male) |
| 25:08 | Build | Castle |
| 25:13 | Build | Mill |
| 25:22 | Queue | Tarkan |
| 25:28 | Queue | Fishing Ship |
| 25:37 | Build | Dock |
| 26:17 | Queue | Villager (Male) |
| 26:17 | Queue | Villager (Male) |
| 26:29 | Build | Town Center |
| 26:39 | Queue | Scorpion |
| 27:50 | Queue | Tarkan |
| 28:00 | Queue | Villager (Male) |
| 28:00 | Queue | Villager (Male) |
| 28:01 | Queue | Villager (Male) |
| 28:01 | Queue | Villager (Male) |
| 28:17 | Queue | Villager (Male) |
| 28:17 | Queue | Villager (Male) |
| 28:17 | Queue | Villager (Male) |
| 28:17 | Queue | Villager (Male) |
| 29:16 | Queue | Villager (Male) |
| 29:17 | Queue | Villager (Male) |
| 29:17 | Queue | Villager (Male) |
| 29:17 | Queue | Villager (Male) |
| 29:17 | Queue | Villager (Male) |
| 29:45 | Queue | Villager (Male) |
| 29:45 | Queue | Villager (Male) |
| 29:45 | Queue | Villager (Male) |
| 29:54 | Queue | Fishing Ship |
| 29:54 | Queue | Fishing Ship |
| 30:51 | Queue | Scorpion |
| 30:51 | Queue | Scorpion |
| 31:06 | Queue | Villager (Male) |
| 31:07 | Queue | Villager (Male) |
| 31:07 | Queue | Villager (Male) |
| 31:21 | Queue | Villager (Male) |
| 31:21 | Queue | Villager (Male) |
| 31:21 | Queue | Villager (Male) |
| 31:39 | Queue | Tarkan |
| 31:39 | Queue | Tarkan |
| 31:42 | Queue | Mangonel |
| 31:43 | Queue | Villager (Male) |
Match timeline
| 1:26 | CALF-PICO · wall_segment Palisade Wall x1 |
| 2:48 | JKolerts · wall_segment Palisade Wall x5 |
| 3:23 | JKolerts · first_building Dock |
| 3:33 | JKolerts · wall_segment Palisade Wall x8 |
| 5:24 | JKolerts · wall_segment Palisade Wall x2 |
| 5:37 | CALF-PICO · first_building Dock |
| 6:24 | JKolerts · wall_segment Palisade Wall x4 |
| 6:41 | JKolerts · wall_segment Palisade Wall x7 |
| 8:29 | JKolerts · wall_segment Palisade Wall x7 |
| 10:10 | JKolerts · wall_segment Palisade Wall x7 |
| 10:17 | JKolerts · wall_segment Palisade Wall x1 |
| 12:01 | JKolerts · wall_segment Palisade Wall x2 |
| 12:04 | JKolerts · wall_segment Palisade Wall x1 |
| 12:06 | JKolerts · wall_segment Palisade Wall x3 |
| 12:39 | CALF-PICO · age_up feudal |
| 14:03 | JKolerts · wall_segment Palisade Wall x1 |
| 14:47 | JKolerts · wall_segment Palisade Wall x1 |
| 14:52 | JKolerts · age_up feudal |
| 16:24 | CALF-PICO · wall_segment Palisade Wall x1 |
| 16:25 | CALF-PICO · wall_segment Palisade Wall x1 |
| 16:27 | CALF-PICO · wall_segment Palisade Wall x1 |
| 17:03 | CALF-PICO · first_market_sell 100 wood |
| 17:24 | JKolerts · first_market_sell 100 food |
| 17:26 | JKolerts · first_market_buy 100 wood |
| 17:26 | CALF-PICO · wall_segment Palisade Wall x1 |
| 20:26 | CALF-PICO · age_up castle |
| 20:34 | CALF-PICO · first_building Castle |
| 21:24 | JKolerts · age_up castle |
| 21:31 | CALF-PICO · first_building Siege Workshop |
| 22:03 | JKolerts · first_building Castle |
| 23:10 | CALF-PICO · wall_segment Palisade Wall x1 |
| 23:12 | CALF-PICO · wall_segment Palisade Wall x1 |
| 29:39 | JKolerts · first_building Siege Workshop |
| 32:48 | CALF-PICO · first_building Monastery |
| 38:46 | CALF-PICO · first_market_buy 100 food |
| 39:23 | CALF-PICO · first_building Barracks |
| 39:45 | JKolerts · age_up imperial |
| 40:23 | CALF-PICO · first_building Archery Range |
| 41:38 | JKolerts · first_building Monastery |
| 42:07 | CALF-PICO · age_up imperial |
| 43:35 | CALF-PICO · first_building Stable |
| 45:38 | JKolerts · wall_segment Palisade Wall x1 |
| 47:22 | CALF-PICO · wall_segment Palisade Wall x1 |
| 49:40 | JKolerts · first_building Barracks |
| 54:12 | JKolerts · wall_segment Palisade Wall x1 |
| 55:28 | JKolerts · wall_segment Palisade Wall x4 |
[ AI ANALYSIS · 1 CREDIT ]
What really happened in this match?
Wolo.gg analyzes every decision: build order, eco, micro, common mistakes by bracket. Personalized analysis on WhatsApp or Discord in 30 seconds.
Civ guide
Italians
Perfil
Jugador #10106319